 Dungeon Crawl Stone Soup version 0.31.0-9-g3a7656b989 (webtiles) character file.

Game seed: 12927783029179206080

17306 sanka the Fighter (level 12, -5/116 HPs)
             Began as a Minotaur Fighter on Jan 24, 2024.
             Was an Elder of the Shining One.
             Slain by Erolcha
             ... wielding a +6 spectral giant club
              (34 damage)
             ... on level 12 of the Dungeon.
             The game lasted 00:16:26 (13284 turns).

sanka the Fighter (Minotaur Fighter)               Turns: 13284, Time: 00:16:26

Health: -5/116     AC: 23    Str: 21    XL:     12   Next: 17%
Magic:  11/11      EV: 10    Int:  5    God:    the Shining One [****..]
Gold:   618        SH:  0    Dex: 21    Spells: 11/11 levels left

rFire   + . .        b - +5 woodcutter's axe
rCold   . . .        (shield currently unavailable)
rNeg    + + .        q - +4 plate armour
rPois   .            L - +0 hat {Stlth+}
rElec   .            (no cloak)
rCorr   .            k - +0 pair of gloves
SInv    .            g - +0 pair of boots
Will    .....        C - amulet of the acrobat Stlth
                     w - ring of protection from fire
HPRegen 0.39/turn    M - +6 ring of dexterity
MPRegen 0.12/turn

%: acrobat
@: glowing, studying 2 skills
A: horns 2, retaliatory headbutt
a: Renounce Religion, Divine Shield, Cleansing Flame


You were on level 12 of the Dungeon.
You worshipped the Shining One.
The Shining One was greatly pleased with you.
You visited 1 branch of the dungeon, and saw 12 of its levels.

You collected 878 gold pieces.
You spent 260 gold pieces at shops.


Innate Abilities, Weirdness & Mutations

You have a pair of horns on your head.
You reflexively headbutt those who attack you in melee.


   Skills:
 + Level 13.6 Fighting
 - Level 12.0 Maces & Flails
 + Level 13.6 Armour
 + Level 6.1 Dodging
 + Level 9.0 Shields


You had 11 spell levels left.
You didn't know any spells.
Your spell library contained the following spells:

 Spells                   Type           Power      Damage    Failure   Level
 Apportation              Tloc           0%         N/A       99%         1
 Necrotise                Necr           0%         1d4       99%         1
 Sting                    Conj/Alch      0%         1d3       99%         1
 Summon Small Mammal      Summ           0%         N/A       99%         1
 Volatile Blastmotes      Fire/Tloc      0%         2d10      100%        3
 Fulminant Prism          Conj/Alch      0%         3d5       100%        4
 Iskenderun's Mystic Bla  Conj/Tloc      0%         2d3       100%        4
 Vhi's Electric Charge    Tloc/Air       0%         N/A       100%        4
 Arcjolt                  Conj/Air       0%         1d10      100%        5
 Maxwell's Capacitive Co  Air            0%         ∞         100%        8

Inventory:

Hand Weapons
 a - a +3 morningstar
 b - the +5 woodcutter's axe (weapon)
Missiles
 z - a throwing net {=f}
 P - 3 curare-tipped darts {=f}
Armour
 c - a +0 buckler
 g - a +0 pair of boots (worn)
 k - a +0 pair of gloves (worn)
 q - a +4 plate armour (worn)
 K - an orb of mayhem
 L - a +0 hat of stealth (worn)
Magical Staves
 x - a staff of alchemy
Jewellery
 w - a ring of protection from fire (left hand)
 C - an amulet of the acrobat (around neck)
 J - a ring of fire
 M - a +6 ring of dexterity (right hand)
Wands
 u - a wand of paralysis (15)
 E - a wand of iceblast (22)
 F - a wand of quicksilver (9)
 I - a wand of polymorph (17)
Scrolls
 h - 2 scrolls of enchant weapon
 j - a scroll of immolation {unknown}
 l - 2 scrolls of torment {!r}
 m - 4 scrolls of fear
 o - 4 scrolls of teleportation {@r4}
 r - a scroll of poison {unknown}
 s - 2 scrolls of revelation
 t - 5 scrolls of noise {!r}
 y - a scroll of blinking {unknown}
 B - a scroll of identify {@r1}
 D - 2 scrolls of enchant armour
 G - 2 scrolls of fog
 H - 2 scrolls of vulnerability {unknown}
Potions
 d - 4 potions of might
 e - 6 potions of haste {@q3}
 f - 2 potions of mutation {unknown}
 i - a potion of attraction {unknown}
 n - 3 potions of heal wounds {@q2}
 p - 2 potions of enlightenment
 v - a potion of curing {unknown}
 A - 2 potions of lignification {unknown}
 N - a potion of berserk rage {unknown}
 O - a potion of magic {unknown}
 Q - a potion of brilliance {unknown}

Dungeon Overview and Level Annotations

Branches:
Dungeon (12/15)            Temple (0/1) D:6            Lair (0/5) D:9
    Orc (0/2) D:10

Altars:
Cheibriados
Dithmenos
Elyvilon
Gozag
Hepliaklqana
Makhleb
Nemelex Xobeh
Okawaru
Ru
Sif Muna
Trog
Uskayaw
Xom
Yredelemnul
The Shining One

Shops:
D:6 !   D:11 *   D:12 =

Annotations:
D:9 exclusion: downstairs
D:12 Erolcha

..................▒...▒........'.
..................▒...▒........▒.
..................▒...▒........▒.
..................▒...▒........▒.
..................▒▒▒▒▒........▒▒
.....▒▒▒'▒▒▒▒▒▒▒▒.......▒▒▒▒▒▒▒▒.
▒..........▒.......▒........
▒..........▒T......▒........
+.........OH.......▒........
▒....▒▒▒...▒.......'........ ▒...
▒▒▒▒▒.......▒▒▒▒▒▒▒▒▒ ▒...
▒▒▒▒▒'▒.....▒ ▒.. ........▒.....▒
▒. ........▒.....▒ ▒
........▒.....▒ ▒▒▒▒▒▒▒▒▒.....▒
▒▒▒▒▒▒▒


You could see Erolcha (invisible) and a troll.


Message History

You slash the troll!
You barely miss the +6 spectral giant club.
Erolcha hits you with a +6 spectral giant club!!
* * * LOW HITPOINT WARNING * * *
The +6 spectral giant club hits you but does no damage.
The troll bites you but does no damage. The troll barely misses you.
The troll barely misses you.
You slice Erolcha!! You headbutt Erolcha.
Erolcha is severely wounded.
You slash the +6 spectral giant club!
Erolcha shares her spectral weapon's damage!
You hit the troll. The troll barely misses you. The troll claws you.
* * * LOW HITPOINT WARNING * * *
The troll claws you but does no damage.
Erolcha mumbles some strange words.
Erolcha flickers and vanishes for a moment.
You barely miss Erolcha.
Erolcha is almost dead.
You hit the troll. The troll bites you!
* * * LOW HITPOINT WARNING * * *
The troll claws you but does no damage. The troll barely misses you.
The +6 spectral giant club disappears.
Erolcha hits you with a +6 spectral giant club!!
You die...

Action                     |  1- 3 |  4- 6 |  7- 9 | 10-12 || total
---------------------------+-------+-------+-------+-------++-------
  Melee: Flail             |    60 |    41 |       |       ||   101
         Headbutt          |     8 |    13 |    48 |    99 ||   168
         Battleaxe         |       |    63 |   297 |   323 ||   683
         Morningstar       |       |       |       |     6 ||     6
         Punch             |       |       |       |     1 ||     1
  Evoke: Wand              |       |       |       |     1 ||     1
    Use: Scroll            |       |       |       |    10 ||    10
 Armour: Scale mail        |    41 |     7 |       |       ||    48
         Plate armour      |       |    56 |   264 |   303 ||   623
  Dodge: Dodged            |    26 |    30 |    78 |   184 ||   318
  Block: Buckler           |    19 |    10 |       |       ||    29

Levels and vault maps discovered:
D:1:      amcnicky_arrival_wind_blow, layout_basic
D:2:      layout_loops_corners, minmay_misc_feat_diagonals,
          chequers_serial_rivers_micro_c, bh_walls_and_bars
D:3:      layout_basic, st_stairs_2, minmay_misc_feat_cross,
          hangedman_abyss_or_decor_stabs
D:4:      layout_loops_corners, hangedman_minor_gate_pass
D:5:      layout_basic, nicolae_sif_muna_little_library, old_standard_altar,
          jmf_multi_god_temple2, grunt_ministairs_6,
          hangedman_decor_clover_reticule, kennysheep_doodads
D:6:      lemuel_ratsnest, layout_cave_pods,
          mainiacjoe_overflow_concentric_impassable,
          nicolae_overflow_crystal_walls, cheibrodos_worm_habitat,
          grunt_gozag_statues, minmay_temple_entry_statues, serial_column_ruins,
          column_ruins_columns_straight, column_ruins_grid_2,
          column_ruins_open_tiny, column_ruins_grid_2, column_ruins_grid_1,
          column_ruins_corridor_straight, column_ruins_grid_1, serial_shops,
          shop, minmay_misc_feat_four_crosses, kennysheep_flooded_box
D:7:      layout_basic, lemuel_tele_altar, mainiacjoe_overflow_six_doors_small,
          mainiacjoe_overflow_alcove_1, okawaru_gym_becter, uniq_duvessa
D:8:      layout_basic, dk_xom_monty_hall, serial_demonic, serial_demonic_d,
          serial_demonic_d, serial_demonic_b, serial_demonic_c
D:9:      layout_basic, grunt_lair_entry_orc_guard_hut, uniq_gastronok
D:10:     layout_cave_pools, general_overflow_altar,
          mainiacjoe_overflow_brackets, david_orc_1_choice
D:11:     layout_roguey [special_room_orc], fungi_pond_lemuel,
          nicolae_shop_gadgets
D:12:     layout_gridville, serial_shops, nicolae_shop_tiny_statue_garden,
          special_room [special_room_bee], uniq_erolcha, uniq_sonja

Notes
Turn   | Place    | Note
-------+----------+-------------------------------------------
     0 | D:1      | sanka the Minotaur Fighter began the quest for the Orb.
     0 | D:1      | Reached XP level 1. HP: 19/19 MP: 0/0
    85 | D:1      | Reached skill level 4 in Fighting
    85 | D:1      | Reached skill level 3 in Maces & Flails
    85 | D:1      | Reached XP level 2. HP: 23/27 MP: 1/1
   396 | D:1      | Reached skill level 4 in Maces & Flails
   573 | D:1      | Reached XP level 3. HP: 33/33 MP: 2/2
   941 | D:2      | Reached skill level 5 in Maces & Flails
   941 | D:2      | Reached XP level 4. HP: 40/40 MP: 3/3
  1972 | D:3      | Found the +5 woodcutter's axe
  2393 | D:4      | Noticed a phantom
  2401 | D:4      | Killed a phantom
  2402 | D:4      | Reached skill level 6 in Maces & Flails
  2402 | D:4      | Reached XP level 5. HP: 46/46 MP: 4/4
  2418 | D:4      | Reached skill level 7 in Maces & Flails
  2751 | D:4      | Reached XP level 6. HP: 35/52 MP: 5/5
  3035 | D:4      | Reached skill level 8 in Maces & Flails
  3439 | D:5      | Entered Level 5 of the Dungeon
  3445 | D:5      | Reached skill level 9 in Maces & Flails
  3445 | D:5      | Reached XP level 7. HP: 59/59 MP: 6/6
  3591 | D:5      | Reached skill level 10 in Maces & Flails
  3669 | D:5      | Found a basalt altar of Yredelemnul.
  3814 | D:5      | Found a shimmering blue altar of Sif Muna.
  3897 | D:5      | Found a hazy altar of Hepliaklqana.
  3901 | D:5      | Reached skill level 11 in Maces & Flails
  3906 | D:5      | Found a sparkling altar of Nemelex Xobeh.
  4010 | D:5      | Reached XP level 8. HP: 66/66 MP: 7/7
  4195 | D:6      | Found a shadowy altar of Dithmenos.
  4317 | D:6      | Found an opulent altar of Gozag.
  4502 | D:6      | Found a staircase to the Ecumenical Temple.
  4511 | D:6      | Reached skill level 12 in Maces & Flails
  4511 | D:6      | Reached skill level 4 in Armour
  4699 | D:6      | Found a snail-covered altar of Cheibriados.
  4839 | D:6      | Reached skill level 5 in Fighting
  4935 | D:6      | Reached skill level 5 in Armour
  5083 | D:6      | Found Udghahy's Distillery.
  5087 | D:6      | Identified the serpent talisman of Dusa {rCorr Int+5
                  | Slay-4}
  5170 | D:6      | Found a white marble altar of Elyvilon.
  5308 | D:6      | Reached skill level 6 in Fighting
  5442 | D:6      | Bought a potion of heal wounds for 65 gold pieces
  5442 | D:6      | Bought a potion of haste for 130 gold pieces
  5442 | D:6      | Bought a potion of enlightenment for 65 gold pieces
  5461 | D:7      | Noticed Duvessa
  5461 | D:7      | Noticed Dowan
  5469 | D:7      | Killed Duvessa
  5469 | D:7      | Killed Dowan
  5470 | D:7      | Reached skill level 6 in Armour
  5587 | D:7      | Reached XP level 9. HP: 29/78 MP: 8/8
  5590 | D:7      | Reached skill level 7 in Fighting
  5594 | D:7      | Reached skill level 7 in Armour
  5807 | D:7      | Found a sacrificial altar of Ru.
  5889 | D:7      | Found a bloodstained altar of Trog.
  5984 | D:7      | Found an iron altar of Okawaru.
  6141 | D:7      | Reached skill level 8 in Fighting
  6292 | D:7      | Reached skill level 8 in Armour
  6311 | D:7      | Found a glowing golden altar of the Shining One.
  6317 | D:7      | Became a worshipper of the Shining One
  6620 | D:8      | Reached * piety under the Shining One
  6640 | D:8      | Reached skill level 9 in Fighting
  6650 | D:8      | Reached skill level 9 in Armour
  6654 | D:8      | HP: 7/83 [poisoned by a killer bee]
  6658 | D:8      | HP: 3/83 [poisoned by a killer bee]
  6661 | D:8      | HP: 1/83 [poisoned by a killer bee]
  7489 | D:8      | Found a shimmering altar of Xom.
  7604 | D:8      | Reached XP level 10. HP: 79/92 MP: 9/9
  7749 | D:8      | Reached skill level 10 in Fighting
  7780 | D:8      | Paralysed by a hornet for 2 turns
  7783 | D:8      | Reached skill level 10 in Armour
  8511 | D:9      | Noticed a two-headed ogre
  8516 | D:9      | Killed a two-headed ogre
  8695 | D:9      | Reached skill level 11 in Fighting
  8695 | D:9      | Reached skill level 11 in Armour
  8778 | D:9      | Noticed an elephant
  8788 | D:9      | Killed an elephant
  8935 | D:9      | Reached ** piety under the Shining One
  8959 | D:9      | Reached skill level 12 in Fighting
  8988 | D:9      | Found a staircase to the Lair.
  9021 | D:9      | Reached skill level 12 in Armour
  9055 | D:9      | Noticed Gastronok
  9068 | D:9      | Killed Gastronok
  9069 | D:9      | Reached skill level 1 in Dodging
  9069 | D:9      | Reached skill level 4 in Shields
  9069 | D:9      | Reached XP level 11. HP: 88/104 MP: 10/10
  9084 | D:9      | Reached skill level 2 in Dodging
  9723 | D:9      | Noticed a two-headed ogre
  9732 | D:9      | Killed a two-headed ogre
  9958 | D:10     | Entered Level 10 of the Dungeon
 10024 | D:10     | Reached skill level 5 in Shields
 10113 | D:10     | Reached skill level 3 in Dodging
 10188 | D:10     | Noticed a two-headed ogre
 10194 | D:10     | Killed a two-headed ogre
 10336 | D:10     | Found a hide-covered altar of Uskayaw.
 10512 | D:10     | Found a burning altar of Makhleb.
 10630 | D:10     | Reached skill level 4 in Dodging
 10703 | D:10     | Noticed a two-headed ogre
 10713 | D:10     | Killed a two-headed ogre
 10714 | D:10     | Reached skill level 6 in Shields
 10962 | D:10     | Reached skill level 13 in Fighting
 11076 | D:10     | Found a staircase to the Orcish Mines.
 11098 | D:10     | Reached *** piety under the Shining One
 11319 | D:10     | Identified 2 scrolls of acquirement
 11324 | D:10     | Acquired a manual of Shields
 11326 | D:10     | Acquired a manual of Maces & Flails
 11345 | D:11     | Reached skill level 13 in Armour
 11517 | D:11     | Noticed a two-headed ogre
 11525 | D:11     | Killed a two-headed ogre
 11526 | D:11     | Reached skill level 5 in Dodging
 11526 | D:11     | Reached skill level 7 in Shields
 11705 | D:11     | Found Kekexuro's Gadget Gallery.
 12099 | D:11     | Reached skill level 8 in Shields
 12111 | D:11     | Reached XP level 12. HP: 49/115 MP: 11/11
 12515 | D:11     | Reached **** piety under the Shining One
 12769 | D:12     | Found Tiucruni's Jewellery Emporium.
 12966 | D:12     | Noticed Sonja
 12980 | D:12     | Killed Sonja
 12981 | D:12     | Reached skill level 6 in Dodging
 12981 | D:12     | Reached skill level 9 in Shields
 13268 | D:12     | Noticed Erolcha
 13284 | D:12     | Slain by Erolcha

Vanquished Creatures
  Gastronok (D:9)
  5 two-headed ogres
  Sonja (D:12)
  A cyclops (D:10)
  2 elephants (D:9)
  2 komodo dragons
  2 hornets (D:8)
  3 trolls
  2 shadows
  10 yaks
  2 wraiths
  A steam dragon (D:8)
  An acid dragon (D:11)
  2 water moccasins
  Duvessa (D:7)
  16 orc warriors
  3 sky beasts
  2 black bears (D:9)
  2 ice beasts
  3 ogres (D:5)
  6 centaurs
  A phantom (D:4)
  6 kobold brigands
  2 bullfrogs
  2 gnoll sergeants (D:11)
  A scorpion (D:6)
  16 wights
  Dowan (D:7)
  24 killer bees
  A howler monkey (D:4)
  3 bombardier beetles
  6 hounds
  8 jellies
  3 quasits (D:8)
  2 gnoll boudas
  10 orc priests
  5 iguanas
  11 orc wizards
  19 gnolls
  11 river rats (D:6)
  9 adders
  5 shadow imps
  3 white imps
  5 ribbon worms
  57 orcs
  A ball python (D:3)
  5 bats (D:1)
  9 endoplasms
  3 giant cockroaches
  11 goblins
  10 hobgoblins
  23 kobolds
  8 quokkas
  2 frilled lizards (D:1)
  25 rats
376 creatures vanquished.
